 Dungeon Crawl Stone Soup version 0.29-a0-275-g389c0b56f3 (webtiles) character file.

Game seed: 4510059104466708580

816 Ajdolov the Slinger (level 7, -8/35 HPs)
             Began as a Spriggan Hunter on Mar 10, 2022.
             Shot with an arrow by a centaur (10 damage)
             ... on level 5 of the Dungeon.
             The game lasted 00:10:52 (6752 turns).

Ajdolov the Slinger (Spriggan Hunter)               Turns: 6752, Time: 00:10:52

Health: -8/35      AC:  2    Str:  8    XL:     7   Next: 62%
Magic:  8/8        EV: 17    Int: 13    God:
Gold:   234        SH:  0    Dex: 17    Spells: 6/6 levels left

rFire   . . .      SeeInvis +   a - +1 hunting sling
rCold   . . .      Faith    .   (no shield)
rNeg    . . .      Spirit   .   b - +0 robe
rPois   .          Reflect  .   (helmet restricted)
rElec   .          Harm     .   (no cloak)
rCorr   .          Rampage  .   (gloves unavailable)
Will    +....                   (boots unavailable)
Stlth   ++........              (no amulet)
HPRegen 0.11/turn               (no ring)
MPRegen 0.11/turn               (no ring)

@: very quick
A: very small, no large weapons, unfitting armour, see invisible, speed 3
a: no special abilities


You were on level 5 of the Dungeon.
You visited 1 branch of the dungeon, and saw 5 of its levels.
You also visited: Sewer.

You collected 258 gold pieces.
You spent 24 gold pieces at shops.

Inventory:

Hand Weapons
 a - a +1 hunting sling (weapon)
Armour
 b - a +0 robe (worn)
Jewellery
 r - a +6 ring of strength
 t - a +6 ring of strength
Wands
 l - a wand of flame (4)
Scrolls
 c - a scroll of immolation
 d - a scroll of enchant armour {unknown}
 f - a scroll of blinking {unknown}
 g - 2 scrolls of torment
 h - a scroll of amnesia {unknown}
 n - 2 scrolls of holy word {unknown}
 q - 3 scrolls of teleportation {unknown}
 w - a scroll of brand weapon {unknown}
 x - a scroll of noise {unknown}
 y - a scroll of magic mapping {unknown}
Potions
 e - a potion of ambrosia
 i - a potion of mutation
 j - 2 potions of flight {unknown}
 k - a potion of attraction
 m - a potion of heal wounds
 o - a potion of curing
 p - 2 potions of berserk rage
 s - a potion of resistance {unknown}
 u - a potion of might {unknown}
 v - a potion of degeneration {unknown}


   Skills:
 + Level 2.5 Fighting
 * Level 11.0 Slings
 - Level 2.6 Dodging
 - Level 1.5 Stealth


You had 6 spell levels left.
You didn't know any spells.
Your spell library contained the following spells:

 Spells                   Type           Power      Damage    Failure   Level
 Foxfire                  Conj/Fire      0%         2x1d4     30%         1
 Call Canine Familiar     Summ           0%         N/A       67%         3
 Conjure Flame            Conj/Fire      0%         6-21      67%         3
 Inner Flame              Hex/Fire       0%         N/A       67%         3
 Portal Projectile        Hex/Tloc       0%         N/A       67%         3
 Flame Wave               Conj/Fire      0%         2d4       97%         4
 Fulminant Prism          Conj/Hex       0%         3d6       97%         4
 Iskenderun's Mystic Bla  Conj/Tloc      0%         2d3       97%         4
 Leda's Liquefaction      Hex/Erth       0%         N/A       97%         4
 Lee's Rapid Deconstruct  Erth           0%         3d5*      100%        5


Dungeon Overview and Level Annotations

Branches:
Dungeon (5/15)              Sewer (visited)
 Temple: D:4-7

Altars:
Ashenzari
Zin

Shops:
D:1 ?   D:2 =

Annotations:
D:3 2 transporters, starts1789's ghost, weakling MfGl


Innate Abilities, Weirdness & Mutations

You are very small and have problems with some larger weapons.
You are too small for most types of armour.
You have supernaturally acute eyesight. (SInv)
You cover ground extremely quickly. (Speed+++)


Message History

The hound is heavily wounded.
You shoot a sling bullet. The sling bullet hits the hound.
The hound is severely wounded.
You shoot a sling bullet. The sling bullet misses the hound.
The hound bites you but does no damage. The hound completely misses you.
You shoot a sling bullet.
The sling bullet closely misses the hound.
The hound barely misses you.
You shoot a sling bullet.
The sling bullet hits the hound but does no damage.
The hound is severely wounded.
The hound bites you. The hound barely misses you.
You shoot a sling bullet. The sling bullet hits the hound.
You kill the hound!
No target in view!
You start resting.
HP restored.
You see here a hound corpse.
y - a scroll labelled TOFEIM KYUHYUPP You now have 234 gold pieces (gained 12).
You shoot a sling bullet. The gnoll shouts!
The sling bullet hits the gnoll.
The gnoll is moderately wounded.
You shoot a sling bullet.
The sling bullet hits the gnoll but does no damage.
The gnoll is moderately wounded.
You shoot a sling bullet. The sling bullet hits the gnoll!
You kill the gnoll!
Your Slings skill increases to level 11!
You shoot a sling bullet. The centaur shouts!
The sling bullet hits the centaur but does no damage.
You hear a shout! x2
The centaur shoots an arrow.
The arrow hits you!
The centaur shoots an arrow.
The arrow hits you!
The centaur shoots an arrow.
The arrow hits you!
* * * LOW HITPOINT WARNING * * *
The centaur shoots an arrow.
The arrow hits you!
You die...

#.# ##.## #.# #.#
#.# #.# #.# ##.#
#.# #..#
#.##############.##
.................#
#.##############.#
.# ..# #@# .# ###
#.# .#
#####.######.#
##...#........# #
#. #.........#
##.#.###........#
......#)..####.#.#
#..#...c#.###>##
#....<.....c##


You could see a centaur.

Vanquished Creatures
  A sky beast (D:4)
  3 ogres
  A scorpion (D:4)
  4 hounds (D:5)
  An orc priest (D:3)
  3 iguanas
  Robin (D:2)
  4 adders
  2 gnolls
  3 worms
  2 dart slugs
  7 orcs (D:3)
  11 bats
  4 endoplasms
  5 giant cockroaches
  14 goblins
  6 hobgoblins
  2 jackals (D:3)
  10 kobolds
  7 quokkas
  10 ball pythons
  3 frilled lizards
  9 rats
113 creatures vanquished.

Vanquished Creatures (others)
  3 plants (D:2)
3 creatures vanquished.

Grand Total: 116 creatures vanquished

Notes
Turn   | Place    | Note
-------+----------+-------------------------------------------
     0 | D:1      | Ajdolov the Spriggan Hunter began the quest for the Orb.
     0 | D:1      | Reached XP level 1. HP: 10/10 MP: 2/2
    26 | D:1      | Reached skill level 5 in Slings
   250 | D:1      | Found Qyippak's Magic Scroll Shoppe.
   261 | D:1      | Bought a scroll of identify for 24 gold pieces
   330 | D:1      | Reached XP level 2. HP: 14/14 MP: 3/3
   840 | D:2      | Reached skill level 6 in Slings
  1138 | D:2      | Identified the +1 helmet "Vemeam" {Str+3 Stlth+}
  1138 | D:2      | Noticed Robin
  1139 | D:2      | Reached XP level 3. HP: 18/18 MP: 4/4
  1233 | D:2      | Killed Robin
  1515 | D:2      | Reached XP level 4. HP: 22/22 MP: 5/5
  1527 | D:2      | Found Ogikan's Jewellery Emporium.
  1777 | D:2      | Reached skill level 7 in Slings
  1969 | D:2      | Found a faded altar of an unknown god.
  2230 | D:3      | Found a transporter.
  2230 | D:3      | Noticed starts1789's ghost (weakling MfGl)
  2252 | D:3      | Found a transporter.
  2266 | D:3      | Found a glowing drain.
  2310 | Sewer    | Entered a sewer
  2395 | Sewer    | Noticed Pargi
  2438 | Sewer    | HP: 1/22 [Pargi (4)]
  2874 | D:3      | Found a large runed translucent door.
  2874 | D:3      | Found a large runed translucent door.
  3228 | D:3      | Found a broken altar of Ashenzari.
  3472 | D:3      | Found a glowing silver altar of Zin.
  3525 | D:4      | Noticed a sky beast
  3698 | D:4      | Noticed an ogre
  3698 | D:4      | Noticed an ogre
  3710 | D:3      | Killed an ogre
  3711 | D:3      | Reached skill level 8 in Slings
  3711 | D:3      | Reached XP level 5. HP: 4/25 MP: 6/6
  3994 | D:4      | Noticed an ogre
  4369 | D:3      | Reached XP level 6. HP: 23/30 MP: 7/7
  4475 | D:3      | Reached skill level 9 in Slings
  4652 | D:4      | Killed a sky beast
  4704 | D:4      | Reached skill level 10 in Slings
  4828 | D:4      | Reached XP level 7. HP: 23/34 MP: 8/8
  5126 | D:5      | Entered Level 5 of the Dungeon
  6750 | D:5      | Reached skill level 11 in Slings
  6752 | D:5      | Shot with an arrow by a centaur

Illustrated notes

Levels and vault maps discovered:
D:1:      elethiomel_arrival_quiet, layout_basic, serial_shops, shop,
          nicolae_concentric_dashed_squares_mild, minmay_misc_feat_tiny,
          kennysheep_another_room
D:2:      layout_loops_ring, serial_shops,
          nicolae_shop_temple_entry_statues_fountains, serial_forest,
          infiniplex_forest_lined_room_, infiniplex_forest_straight_1,
          infiniplex_forest_clump_tiny, infiniplex_forest_clump_small,
          infiniplex_forest_lined_room_, infiniplex_forest_corner_1,
          shapermc_ecumenical_altar_notcrosses, uniq_robin
D:3:      layout_loops_ring, jmf_multi_god_temple2, portal_sewer_entry_a,
          gammafunk_ghost_arena
D:4:      layout_rooms
D:5:      layout_loops_ring

Skill      XL: |  1  2  3  4  5  6  7 |
---------------+----------------------+-----
Slings         | 5 6 8 10 11 | 11.0
Fighting       | 2 |  2.5
Dodging        | |  2.6
Stealth        | |  1.5

Action                   |  1- 3 |  4- 6 |  7- 9 || total
-------------------------+-------+-------+-------++-------
 Fire: Hunting sling     |   114 |   232 |    65 ||   411
Evoke: Wand              |       |     1 |       ||     1
  Use: Scroll            |       |     6 |     1 ||     7
Armor: Robe              |     3 |    14 |     3 ||    20
Dodge: Dodged            |    36 |   105 |    39 ||   180

Table legend: (Time is in decaauts)
 A = Elapsed time spent in this place.
 B = Non-inter-level travel time spent in this place.
 C = Inter-level travel time spent in this place.
 D = Time resting spent in this place.
 E = Time spent auto-exploring this place.
 F = Levels seen in this place.
 G = Mean time per level.
                   A        B        C        D        E       F      G
               +--------+--------+--------+--------+--------+-----+--------+
         Total |   5481 |   5286 |    195 |   2156 |   2043 |   6 |  913.5 |
       Dungeon |   5383 |   5188 |    195 |   2156 |   2003 |   5 | 1076.6 |
         Sewer |     98 |     98 |      0 |      0 |     40 |   1 |   98.0 |
               +--------+--------+--------+--------+--------+-----+--------+

Top non-repeatable levels by time:
     D:3: 1862 daAuts
     D:4: 1552 daAuts
     D:2: 1114 daAuts
     D:1: 488 daAuts
     D:5: 364 daAuts
   Sewer: 98 daAuts
